 Dungeon Crawl Stone Soup version 0.21.1-1-g345015f (webtiles) character file.

72 diana the Chopper (level 4, -2/40 HPs)
             Began as a Minotaur Fighter on June 8, 2018.
             Killed by nerve-wracking pain
             ... invoked by an orc priest
              (11 damage)
             ... on level 3 of the Dungeon.
             The game lasted 00:01:47 (1355 turns).

diana the Chopper (Minotaur Fighter)                Turns: 1355, Time: 00:01:48

Health: -2/40      AC:  3    Str: 22    XL:     4   Next: 6%
Magic:  3/3        EV:  8    Int:  5    God:
Gold:   104        SH:  9    Dex:  9    Spells: 3/3 levels left

rFire    . . .     SeeInvis .   a - +0 war axe
rCold    . . .     Gourm    .   c - +0 shield
rNeg     . . .     Faith    .   e - +0 leather armour (curse)
rPois    .         Spirit   .   (helmet restricted)
rElec    .         Reflect  .   (no cloak)
rCorr    .         Harm     .   (no gloves)
MR       .....                  (no boots)
Stlth    +.........             (no amulet)
HPRegen  0.13/turn              (no ring)
MPRegen  0.08/turn              (no ring)

@: no status effects
A: retaliatory headbutt, horns 2
a: no special abilities


You were on level 3 of the Dungeon.
You were hungry.

You visited 1 branch of the dungeon, and saw 3 of its levels.

You collected 104 gold pieces.

Inventory:

Hand Weapons
 a - a +0 war axe (weapon)
Armour
 b - a +0 scale mail
 c - a +0 shield (worn)
 e - a cursed +0 leather armour (worn)
Jewellery
 h - a cursed ring of teleportation {unknown}
Scrolls
 i - a scroll of remove curse {unknown}
 j - a scroll of immolation {unknown}
 l - 3 scrolls of identify {unknown}
 n - 2 scrolls of amnesia {unknown}
 q - 2 scrolls of teleportation {unknown}
Potions
 d - a potion of might
 g - a potion of curing
 k - a potion of ambrosia {unknown}
 m - a potion of lignification {unknown}
 o - a potion of berserk rage {unknown}
 p - a potion of invisibility {unknown}
 r - a potion of heal wounds {unknown}
Comestibles
 f - 6 rations
 s - a chunk of flesh


   Skills:
 - Level 3.7 Fighting
 * Level 5.1 Axes
 - Level 3.7 Armour
 - Level 3.7 Shields


You had 3 spell levels left.
You didn't know any spells.

Dungeon Overview and Level Annotations

Branches:
Dungeon (3/15)

Altars:


Innate Abilities, Weirdness & Mutations

You reflexively headbutt those who attack you in melee.
You have a pair of horns on your head.


Message History

The bat closely misses you. The bat hits you but does no damage.
The bat barely misses you.
You miss the bat. The bat hits you but does no damage. x2
You miss the bat. You headbutt the bat.
The bat is moderately wounded.
The bat hits you but does no damage. The giant cockroach barely misses you.
You hit the giant cockroach.
You kill the giant cockroach!
You block the bat's attack.
You closely miss the bat. Your headbutt misses the bat.
The bat is moderately wounded.
The bat closely misses you. The orc hits you with a short sword.
You barely miss the orc. The orc hits you with a short sword.
* * * LOW HITPOINT WARNING * * *
You slash the orc!
You kill the orc!
You block the bat's attack.
The orc priest invokes the aid of Beogh against you.
Pain shoots through your body!
You die...

####### #.....#
#####
#####.....####b.....
.......((...@)o..#
#####...<.####.#.#
#...............
#.########.......# #
.###. .# # .# .


You could see an orc priest and a bat.

Vanquished Creatures
  2 adders (D:2)
  2 dart slugs (D:1)
  2 leopard geckos (D:2)
  3 orcs (D:3)
  4 giant cockroaches
  3 goblins (D:1)
  2 hobgoblins
  3 jackals (D:2)
  A quokka (D:2)
  7 bats
  2 frilled lizards (D:2)
  4 kobolds
  9 rats
44 creatures vanquished.

Notes
Turn   | Place    | Note
-------+----------+-------------------------------------------
     0 | D:1      | diana the Minotaur Fighter began the quest for the Orb.
     0 | D:1      | Reached XP level 1. HP: 19/19 MP: 0/0
    78 | D:1      | Reached skill level 3 in Axes
    78 | D:1      | Reached XP level 2. HP: 25/27 MP: 1/1
   548 | D:2      | Reached skill level 4 in Axes
   562 | D:2      | Reached XP level 3. HP: 26/33 MP: 2/2
  1332 | D:3      | Reached skill level 5 in Axes
  1346 | D:3      | Reached XP level 4. HP: 23/40 MP: 3/3
  1355 | D:3      | Killed from afar by an orc priest

Skill      XL: |  1  2  3 |
---------------+----------+-----
Axes           | 3 4 5 |  5.1
Fighting       | |  3.7
Armour         | |  3.7
Shields        | |  3.7

Action                   |  1- 3 |  4- 6 || total
-------------------------+-------+-------++-------
Melee: War axe           |    98 |     8 ||   106
       Headbutt          |    15 |     1 ||    16
  Use: Potion            |       |     1 ||     1
  Eat: Chunk             |     1 |       ||     1
Armor: Scale mail        |    19 |       ||    19
       Leather armour    |    18 |     5 ||    23
Dodge: Dodged            |    35 |     6 ||    41
Block: Shield            |    61 |     5 ||    66
